 Dungeon Crawl Stone Soup version 0.19.0-9-gfd783f2 (webtiles) character file.

5009 mistymad the Grappler (level 10, -12/84 HPs)
             Began as a Naga Transmuter on Nov 7, 2016.
             Killed by divine providence
             ... invoked by an orc priest
              (15 damage)
             ... on level 10 of the Dungeon.
             The game lasted 00:29:42 (12039 turns).

mistymad the Grappler (Naga Transmuter)            Turns: 12039, Time: 00:29:43

Health: -12/84     AC:  7    Str: 13    XL:     10   Next: 54%
Magic:  12/20      EV: 10    Int: 17    God:
Gold:   756        SH:  0    Dex: 11    Spells: 6 memorised, 6 levels left

rFire  . . .     SeeInvis +       - Unarmed
rCold  . . .     Gourm    .     r - +0 robe (curse)
rNeg   . . .     Faith    .     (shield currently unavailable)
rPois  +         Spirit   .     (no helmet)
rElec  .         Reflect  .     C - +1 cloak
rCorr  .         Harm     .     (gloves currently unavailable)
MR     +....                    (no barding)
Stlth  +.........               E - amulet of magic regeneration
                                e - ring of flight
                                u - +1 ring of protection

@: about to teleport, blade hands, marked, very slightly contaminated, starving,
slowed, very slow
A: see invisible, deformed body, poison resistance, slowness 2, slow metabolism
1, spit poison 1, AC +3
a: Spit Poison, End Transformation, Evoke Flight


You were on level 10 of the Dungeon.
You were starving.
You had blades for hands.
You visited 2 branches of the dungeon, and saw 11 of its levels.
You also visited: Ossuary.

You collected 756 gold pieces.

Inventory:

Missiles
 a - 132 arrows
 D - 2 curare-tipped needles
Armour
 r - a cursed +0 robe (worn)
 C - a +1 cloak (worn)
 I - a +0 buckler
Jewellery
 e - a ring of flight (right scythe-like blade)
 u - a +1 ring of protection (left scythe-like blade)
 E - an amulet of magic regeneration (around neck)
Wands
 B - a wand of slowing (30/48)
 F - a wand of polymorph (17/24)
 K - a wand of slowing (24/48)
Scrolls
 h - 9 scrolls of remove curse
 m - 2 scrolls of amnesia
 p - 5 scrolls of teleportation
 q - 3 scrolls of enchant weapon
 v - a scroll of blinking
 w - 4 scrolls of identify
 y - a scroll of immolation {unknown}
Potions
 f - a potion of resistance
 i - 9 potions of curing
 k - 2 potions of might
 l - a potion of cancellation {unknown}
 n - 2 potions of lignification {unknown}
 o - 5 potions of brilliance
 t - 3 potions of heal wounds {unknown}
 x - a potion of mutation {unknown}
 z - a potion of ambrosia {unknown}
 G - 2 potions of magic {unknown}
 H - a potion of flight {unknown}
Books
 c - a book of Changes

   Spells                             Type                      Level
   a - Beastly Appendage              Transmutation                1
   b - Sticks to Snakes               Transmutation                2
   c - Spider Form                    Transmutation/Poison         3
   d - Ice Form                       Ice/Transmutation            4
   e - Blade Hands                    Transmutation                5
 g - a Young Poisoner's Handbook

   Spells                             Type                      Level
   a - Sting                          Conjuration/Poison           1
   b - Mephitic Cloud                 Conjuration/Poison/Air       3
   c - Olgreb's Toxic Radiance        Poison                       4
   d - Alistair's Intoxication        Transmutation/Poison         5
   e - Venom Bolt                     Conjuration/Poison           5
 L - a book of Frost

   Spells                             Type                      Level
   a - Freeze                         Ice                          1
   b - Throw Frost                    Conjuration/Ice              2
   c - Ozocubu's Armour               Charms/Ice                   3
   d - Throw Icicle                   Conjuration/Ice              4
   e - Summon Ice Beast               Ice/Summoning                4
 M - a book of Cantrips

   Spells                             Type                      Level
   a - Confusing Touch                Hexes                        1
   b - Animate Skeleton               Necromancy                   1
   c - Summon Small Mammal            Summoning                    1
   d - Apportation                    Translocation                1
 N - a book of Callings

   Spells                             Type                      Level
   a - Summon Small Mammal            Summoning                    1
   b - Call Imp                       Summoning                    2
   c - Call Canine Familiar           Summoning                    3
   d - Summon Guardian Golem          Hexes/Summoning              3
   e - Summon Lightning Spire         Summoning/Air                4
   f - Summon Ice Beast               Ice/Summoning                4
Comestibles
 b - 2 meat rations
 d - 9 bread rations
 j - 8 beef jerkies
 s - a royal jelly
 A - a fruit


   Skills:
 + Level 3.2 Fighting
 - Level 1.7 Dodging
 + Level 9.2 Unarmed Combat
 + Level 7.0 Spellcasting
 + Level 2.5 Charms
 + Level 9.1 Transmutations
 - Level 3.0 Poison Magic


You had 6 spell levels left.
You knew the following spells:

 Your Spells              Type           Power        Failure   Level  Hunger
a - Mephitic Cloud        Conj/Pois/Air  #.......     67%         3    ##.....
b - Sticks to Snakes      Tmut           #####...     12%         2    None
c - Spider Form           Tmut/Pois      ####......   28%         3    ##.....
d - Blade Hands           Tmut           #####.....   45%         5    #####..
e - Ozocubu's Armour      Chrm/Ice       ##......     63%         3    ##.....
f - Confusing Touch       Hex            #.....       54%         1    None


Dungeon Overview and Level Annotations

Branches:
Dungeon (10/15)            Temple (1/1) D:6            Lair (0/6) D:9
    Orc: D:9-12

Altars:
Ashenzari
Cheibriados
Dithmenos
Elyvilon
Fedhas
Gozag
Hepliaklqana
Kikubaaqudgha
Makhleb
Nemelex Xobeh
Okawaru
Qazlal
Ru
Sif Muna
Trog
Uskayaw
Vehumet
Xom
Yredelemnul
Zin
The Shining One

Shops:
D:6 =   D:8 (

Annotations:
D:9 4 runed doors


Innate Abilities, Weirdness & Mutations

You cannot wear boots.
Your serpentine skin is tough. (AC +3)
You have supernaturally acute eyesight. (SInv)
Armour fits poorly on your strangely shaped body.
Your system is resistant to poisons. (rPois)
You cover ground very slowly.
You have a slow metabolism.
You can spit poison.


Message History

A howler monkey zombie comes into view.
As you read the scroll of teleportation, it crumbles to dust.
You feel strangely unstable. The sky beast closely misses you.
An orc comes into view. It is wielding a trident.
The howler monkey zombie moves out of view.
The wraith hits you!
* * * LOW HITPOINT WARNING * * *
The wraith drains your vigour!
You feel yourself slow down.
An orc warrior comes into view. It is wielding a mace of protection.
You take 9 damage, and have 13/84 hp.
You closely miss the sky beast.
The sky beast is almost dead.
The sky beast flickers out of sight for a moment.
The sky beast hits you.
* * * LOW HITPOINT WARNING * * *
The sky beast shocks you.
* * * LOW HITPOINT WARNING * * *
The orc priest invokes the aid of Beogh against you.
Beogh smites you!
You die...

...#.........#.
.$.#...........
..............
#...?......#
#..........#.
#........ooZ.
#.........#
#....WY.o.#
#..5.@###.#
...#........# .
#....#####
#....# #....#
#....# #....#
#....+


You could see a wraith, an orc warrior, a sky beast (invisible), an orc priest,
a crimson imp, an orc and a howler monkey zombie.

Vanquished Creatures
  A hippogriff (D:10)
  A wyvern (D:9)
  3 hungry ghosts
  2 wargs (D:9)
  A water moccasin (D:6)
  2 sky beasts (D:9)
  A black bear (D:10)
  3 phantoms
  2 orc warriors
  8 ogres
  3 centaurs
  5 bullfrogs
  A wyvern zombie (D:8)
  A scorpion (D:7)
  4 killer bees (D:7)
  An electric eel (D:9)
  3 crimson imps
  A bullfrog zombie (D:6)
  2 centaur zombies
  3 hounds
  A centaur skeleton (D:8)
  5 orc priests
  2 iguanas
  11 orc wizards
  Crazy Yiuf (D:7)
  A gnoll shaman (D:7)
  3 worker ants
  A hound zombie (D:9)
  4 mummies (Ossuary)
  A howler monkey zombie (D:7)
  12 gnolls
  A howler monkey skeleton (D:5)
  2 worker ant zombies
  5 adders
  3 shadow imps
  An ooze (D:2)
  An adder zombie (D:6)
  3 dart slugs
  8 leopard geckos
  32 orcs
  8 giant cockroaches
  6 goblins
  8 hobgoblins
  7 jackals
  6 kobolds
  4 quokkas
  7 bats
  A frilled lizard (D:3)
  A kobold zombie (Ossuary)
  2 orc zombies (Ossuary)
  A quokka skeleton (D:7)
  A quokka zombie (D:5)
  11 rats
209 creatures vanquished.

Vanquished Creatures (collateral kills)
  A deep elf mage (D:9)
  A two-headed ogre (D:9)
  4 mummies (Ossuary)
  A hobgoblin zombie (Ossuary)
  A kobold zombie (Ossuary)
  3 orc zombies (Ossuary)
11 creatures vanquished.

Grand Total: 220 creatures vanquished

Notes
Turn   | Place    | Note
-------+----------+-------------------------------------------
     0 | D:1      | mistymad the Naga Transmuter began the quest for the Orb.
     0 | D:1      | Reached XP level 1. HP: 18/18 MP: 3/3
   114 | D:1      | Reached XP level 2. HP: 12/25 MP: 3/5
   396 | D:1      | Reached XP level 3. HP: 3/31 MP: 4/6
   706 | D:1      | Learned a level 2 spell: Sticks to Snakes
   710 | D:1      | Learned a level 3 spell: Spider Form
  1511 | D:2      | Reached XP level 4. HP: 35/38 MP: 3/7
  1892 | D:2      | Reached XP level 5. HP: 19/44 MP: 1/9
  2071 | D:2      | Found a burning altar of Makhleb.
  2771 | D:3      | Noticed an ogre
  2778 | D:3      | Killed an ogre
  2778 | D:3      | Reached XP level 6. HP: 25/51 MP: 4/11
  3494 | D:3      | Found an opulent altar of Gozag.
  3717 | D:3      | Learned a level 5 spell: Blade Hands
  3847 | D:4      | You fall through a shaft!
  3847 | D:5      | Entered Level 5 of the Dungeon
  3970 | D:4      | Noticed a phantom
  4017 | D:4      | Killed a phantom
  4336 | D:4      | Reached XP level 7. HP: 46/57 MP: 9/13
  4344 | D:4      | Reached skill level 5 in Unarmed Combat
  5071 | D:5      | Reached skill level 5 in Transmutations
  5474 | D:5      | Found a glowing golden altar of the Shining One.
  5476 | D:5      | Found a white marble altar of Elyvilon.
  5477 | D:5      | Found a glowing silver altar of Zin.
  5644 | D:5      | Found a burning altar of Makhleb.
  5652 | D:5      | Found a bloodstained altar of Trog.
  5654 | D:5      | Found an iron altar of Okawaru.
  5746 | D:5      | Reached skill level 5 in Spellcasting
  5746 | D:5      | Reached XP level 8. HP: 61/64 MP: 8/15
  5937 | D:6      | Found a staircase to the Ecumenical Temple.
  5947 | D:6      | Found an ancient bone altar of Kikubaaqudgha.
  5954 | Temple   | Entered the Ecumenical Temple
  6413 | D:6      | Found Tihuclick's Jewellery Shoppe.
  7384 | D:6      | Learned a level 3 spell: Mephitic Cloud
  7699 | D:6      | Reached skill level 1 in Poison Magic
  7832 | D:7      | Found a sand-covered staircase.
  7838 | Ossuary  | Entered an ossuary
  8071 | Ossuary  | Reached XP level 9. HP: 70/70 MP: 7/18
 10058 | D:7      | Found a runed door.
 10201 | D:7      | Noticed Crazy Yiuf
 10211 | D:7      | Killed Crazy Yiuf
 10551 | D:8      | Found Gypig's Antique Weapon Boutique.
 10800 | D:9      | Reached XP level 10. HP: 75/78 MP: 19/19
 10914 | D:9      | Learned a level 3 spell: Ozocubu's Armour
 11011 | D:9      | Found a stormy altar of Qazlal.
 11037 | D:9      | Reached skill level 1 in Charms
 11231 | D:9      | Noticed a death yak
 11231 | D:9      | Found a huge runed gate.
 11232 | D:9      | Found a huge runed gate.
 11232 | D:9      | Noticed a death yak
 11233 | D:9      | Found a huge runed gate.
 11234 | D:9      | Found a huge runed gate.
 11304 | D:9      | Paralysed by fainting for 12 turns
 11403 | D:9      | Found a staircase to the Lair.
 11566 | D:9      | Noticed a deep elf mage
 11576 | D:9      | Killed a deep elf mage
 11621 | D:9      | Learned a level 1 spell: Confusing Touch
 12006 | D:10     | Entered Level 10 of the Dungeon
 12021 | D:10     | Noticed a hill giant
 12022 | D:10     | Noticed a hill giant
 12039 | D:10     | HP: 3/84 [sky beast (6)]
 12039 | D:10     | Killed from afar by an orc priest

Skill      XL: |  1  2  3  4  5  6  7  8  9 10 |
---------------+-------------------------------+-----
Transmutations | 3 4 5 6 8 9 |  9.1
Spellcasting   | 3 4 5 6 7 |  7.0
Unarmed Combat | 4 5 7 8 9 |  9.2
Poison Magic   | 1 3 |  3.0
Charms         | 2 |  2.5
Fighting       | 3 |  3.2
Dodging        | |  1.7

Action                   |  1- 3 |  4- 6 |  7- 9 | 10-12 || total
-------------------------+-------+-------+-------+-------++-------
Melee: Unarmed           |    73 |   151 |   418 |   155 ||   797
       Headbutt          |     6 |     2 |       |       ||     8
       Punch             |     1 |       |       |       ||     1
 Cast: Beastly Appendage |     9 |     5 |       |       ||    14
       Spider Form       |     1 |    21 |    56 |    14 ||    92
       Sticks to Snakes  |       |     1 |    20 |     6 ||    27
       Blade Hands       |       |       |       |     3 ||     3
       Ozocubu's Armour  |       |       |       |     1 ||     1
 Abil: Spit Poison       |    13 |    21 |     6 |     3 ||    43
  Use: Scroll            |       |     3 |    15 |     2 ||    20
       Potion            |       |       |     3 |       ||     3
 Stab: Sleeping          |       |       |     2 |       ||     2
       Distracted        |       |       |       |     2 ||     2
  Eat: Chunk             |     2 |    11 |    23 |     7 ||    43
       Fruit             |       |       |       |     1 ||     1
Armor: Robe              |    14 |    19 |     4 |    13 ||    50
       Skin              |     2 |     8 |    25 |    11 ||    46
Dodge: Dodged            |    46 |   101 |   310 |   105 ||   562
